 Dungeon Crawl Stone Soup version 0.22-a0-553-g9358b0b (webtiles) character file.

28 iamserjio the Shield-Bearer (level 3, 0/23 HPs)
             Began as a Gargoyle Fighter on June 25, 2018.
             Slain by Sigmund
             ... wielding a +0 scythe
              (2 damage)
             ... on level 2 of the Dungeon.
             The game lasted 00:01:43 (239 turns).

iamserjio the Shield-Bearer (Gargoyle Fighter)       Turns: 239, Time: 00:01:44

Health: 0/23       AC: 10    Str: 24    XL:     3   Next: 14%
Magic:  3/3        EV:  7    Int:  8    God:
Gold:   9          SH:  0    Dex: 10    Spells: 2/2 levels left

rFire    . . .     SeeInvis .   a - +0 war axe
rCold    . . .     Gourm    .   c - +0 shield
rNeg     + . .     Faith    .   b - +0 scale mail
rPois    ∞         Spirit   .   (no helmet)
rElec    +         Reflect  .   (no cloak)
rCorr    .         Harm     .   (no gloves)
MR       .....                  (no boots)
Stlth    ..........             (no amulet)
HPRegen  0.07/turn              (no ring)
MPRegen  0.08/turn              (no ring)

@: confused, mighty
A: negative energy resistance 1, electricity resistance, unbreathing,
petrification resistance, rot immunity, AC +3
a: no special abilities


You were on level 2 of the Dungeon.
You were not hungry.

You visited 1 branch of the dungeon, and saw 3 of its levels.

You collected 9 gold pieces.

Inventory:

Hand Weapons
 a - a +0 war axe (weapon)
Armour
 b - a +0 scale mail (worn)
 c - a +0 shield (worn)
Comestibles
 f - 2 rations


   Skills:
 - Level 3.2 Fighting
 + Level 3.2 Axes
 - Level 3.2 Armour
 - Level 3.2 Shields


You had 2 spell levels left.
You didn't know any spells.
Your spell library was empty.

Dungeon Overview and Level Annotations

Branches:
Dungeon (3/15)

Altars:

Annotations:
D:2 Sigmund


Innate Abilities, Weirdness & Mutations

You are resistant to torment.
Your stone body is resilient. (AC +3)
You are immune to poison.
You resist negative energy. (rN+)
You are resistant to electric shocks. (rElec)
You can survive without breathing.
You are immune to petrification.
You are immune to rotting.


Message History

You slash Sigmund!
Sigmund is almost dead.
You block Sigmund's attack.
You barely miss Sigmund.
Sigmund is almost dead.
Sigmund casts a spell at you. The magic dart hits you!
You barely miss Sigmund.
Sigmund is almost dead.
You block Sigmund's attack.
You closely miss Sigmund.
Sigmund is almost dead.
Sigmund points at you and mumbles some strange words.
You are confused.
Sigmund hits you with a scythe!
* * * LOW HITPOINT WARNING * * *
You're too confused to move!
Sigmund barely misses you.
Sigmund's eyes start glowing with a red light.
Sigmund hits you with a scythe.
You die...

#....... #........#
.##........#
..........# #
#.......# .#
####.##..##...## .#
#..............# .#
#).#..#.#...# .#
#.....@@....# #.#
####........######.#
###
#.###.#....†....##...
...# #.##.####......#
##### ...### #.....^#
#...# #......# #...#
#.....## #...#
#.....# #...#
###.#####


You could see Sigmund.

Vanquished Creatures
  An adder (D:3)
  An ooze (D:1)
  A dart slug (D:1)
  A giant cockroach (D:1)
  2 hobgoblins (D:1)
  3 jackals (D:1)
  A frilled lizard (D:2)
  2 goblins
12 creatures vanquished.

Notes
Turn   | Place    | Note
-------+----------+-------------------------------------------
     0 | D:1      | iamserjio the Gargoyle Fighter began the quest for the Orb.
     0 | D:1      | Reached XP level 1. HP: 14/14 MP: 1/1
   118 | D:1      | Reached XP level 2. HP: 19/19 MP: 2/2
   158 | D:3      | Reached XP level 3. HP: 23/23 MP: 3/3
   200 | D:2      | Noticed Sigmund
   239 | D:2      | Slain by Sigmund

Vault maps used:
D:1:      minmay_arrival_solitary_statue, minmay_lizard_pond
D:2:      uniq_sigmund, uniq_terence
D:3:      lemuel_coloured_pillars_altar, nicolae_overflow_hidden_temple,
          nicolae_overflow_crystal_walls, first_ration, palyth_stone_intersect,
          grunt_decor_one_mirror, minmay_lizard_king, uniq_natasha

Skill      XL: |  1  2 |
---------------+-------+-----
Axes           | 2 3 |  3.2
Fighting       | |  3.2
Armour         | |  3.2
Shields        | |  3.2

Action                   || total
-------------------------++-------
Melee: War axe           ||    33
  Use: Potion            ||     1
Armor: Scale mail        ||    12
Dodge: Dodged            ||    15
Block: Shield            ||    14

Table legend:
 A = Spawn XP
 B = Non-spawn XP
 C = Spawn XP percentage of total XP
 D = Spawn monster count
 E = Non-spawn monster count
 F = Spawn count percentage of total count
 G = Total turns spent on level
                    A         B        C        D         E        F      G
               +---------+---------+-------+---------+---------+-------+---------
         Total |       0 |      41 |   0.0 |       0 |      12 |   0.0 |   239
               +---------+---------+-------+---------+---------+-------+---------
           D:1 |       0 |      24 |   0.0 |       0 |       9 |   0.0 |   157
           D:2 |       0 |       3 |   0.0 |       0 |       2 |   0.0 |    74
           D:3 |       0 |      14 |   0.0 |       0 |       1 |   0.0 |     8
               +---------+---------+-------+---------+---------+-------+---------
